 Dungeon Crawl Stone Soup version 0.31-a0-460-g9e667d4245 (webtiles) character file.

Game seed: 78517534859033210

593 MisterAzrael the Ruffian (level 7, -1/4 HPs)
             Began as an Octopode Shapeshifter on Aug 4, 2023.
             Shot with an arrow by a centaur (5 damage)
             ... on level 5 of the Dungeon.
             The game lasted 00:04:10 (3267 turns).

MisterAzrael the Ruffian (Octopode Shapeshifter)    Turns: 3267, Time: 00:04:10

Health: -1/4       AC: 15    Str: 14    XL:     7   Next: 39%
Magic:  10/10      EV: 33    Int: 13    God:
Gold:   255        SH:  0    Dex: 12    Spells: 10/11 levels left

rFire   . . .        i - melded +0 demon blade (flame)
rCold   . . .        p - melded +0 buckler
rNeg    . . .        (helmet currently unavailable)
rPois   ∞            (no amulet)
rElec   +            (no ring)
rCorr   .            (no ring)
SInv    .            (no ring)
Will    .....        (no ring)
Stlth   +            (no ring)
HPRegen 0.20/turn    (no ring)
MPRegen 0.12/turn    (no ring)
                     (no ring)

%: no passive effects
@: storm-form, flying
A: cleaving, insubstantial, flying, reduced hp, almost no armour, amphibious, 8
rings, (camouflage 1), (gelatinous body 1), (nimble swimmer 1), (tentacles)
a: Blinkbolt, Begin Untransformation


You were on level 5 of the Dungeon.
You were a lightning-filled tempest!
You visited 1 branch of the dungeon, and saw 5 of its levels.

You collected 255 gold pieces.

Inventory:

Hand Weapons
 i - a +0 demon blade of flaming (melded)
Missiles
 f - 6 poisoned darts
 x - 2 throwing nets
Armour
 p - a +0 buckler (melded)
Jewellery
 v - a ring of see invisible
Talismans
 b - a beast talisman
 q - a storm talisman (active)
Wands
 t - a wand of paralysis (4)
Scrolls
 d - a scroll of fog {unknown}
 e - a scroll of acquirement {unknown}
 g - a scroll of enchant weapon {unknown}
 h - 3 scrolls of enchant armour {unknown}
 m - 4 scrolls of identify {unknown}
 o - a scroll of butterflies {unknown}
 r - a scroll of blinking {unknown}
 u - a scroll of amnesia {unknown}
 w - a scroll of immolation {unknown}
Potions
 a - 4 potions of lignification
 c - 2 potions of brilliance {unknown}
 j - a potion of haste {unknown}
 k - 5 potions of curing {unknown}
 l - 2 potions of attraction {unknown}
 n - 2 potions of heal wounds {unknown}
 s - a potion of ambrosia {unknown}
 z - a potion of berserk rage {unknown}


   Skills:
 + Level 3.3 Fighting
 - Level 0.2 Long Blades
 + Level 3.8 Dodging
 * Level 4.7 Unarmed Combat
 + Level 2.6 Spellcasting
 + Level 0.7 Conjurations
 + Level 4.0 Shapeshifting


You had 10 spell levels left.
You knew the following spells:

 Your Spells              Type           Power      Damage    Failure   Level
a - Magic Dart            Conj           12%        1d3       19%         1

Your spell library contained the following spells:

 Spells                   Type           Power      Damage    Failure   Level
 Call Imp                 Summ           2%         N/A       36%         2
 Cigotuvi's Dreadful Rot  Necr/Pois/Air  2%         N/A       36%         2
 Hailstorm                Conj/Ice       2%         3d3       52%         3
 Mephitic Cloud           Conj/Pois/Air  2%         N/A       54%         3
 Dispel Undead            Necr           1%         3d6       94%         4
 Summon Ice Beast         Ice/Summ       1%         N/A       94%         4
 Death Channel            Necr           0%         N/A       100%        6
 Simulacrum               Ice/Necr       0%         N/A       100%        6


Dungeon Overview and Level Annotations

Branches:
Dungeon (5/15)
 Temple: D:4-7

Altars:
Okawaru
Ru
Trog
Uskayaw
Xom

Shops:
D:3 !   D:5 *

Annotations:
D:2 1 runed translucent door, Crazy Yiuf


Innate Abilities, Weirdness & Mutations

You are a lightning-filled tempest!
Your electrical attacks strike out in all directions at once.
You are incredibly evasive.
Your insubstantial body is immune to petrification, constriction, and being set on fire You are flying.
Your maximum health is decreased, since you lack skill for your form.
Your armour is entirely melded.
You are incapable of wielding weapons or throwing items.
You cannot wear most types of armour.
You are amphibious.
You can wear up to eight rings at the same time.
You are immune to poison.
((Your skin changes colour to match your surroundings (Stealth+).))
((Your rubbery body absorbs attacks. (AC +1, EV +1)))
((You are camouflaged when in or above water. (Stealth+)))
((You have tentacles for arms and can constrict up to eight enemies at once.))


Message History

You closely miss the adder. The adder completely misses you.
You closely miss the hound.
You buffet the adder!
You kill the adder!
The hound bites you but does no damage. The hound bites you.
You buffet the hound!
The hound is severely wounded.
The hound barely misses you.
You barely miss the hound.
The hound is severely wounded.
The hound barely misses you. The hound completely misses you.
You batter the hound!!
You kill the hound!
No target in view!
An adder comes into view.
An adder is nearby!
The adder hisses angrily.
The adder completely misses you.
You miss the adder. The adder completely misses you.
You closely miss the adder. The adder completely misses you.
You buffet the adder!
The adder is severely wounded.
The adder completely misses you.
You miss the adder.
The adder is severely wounded.
The adder completely misses you.
You hit the adder.
The adder is almost dead.
The adder completely misses you. x2
You hit the adder but do no damage.
The adder is almost dead.
The adder completely misses you.
You hit the adder. Lightning courses through the adder!
You kill the adder!
No target in view!
A centaur comes into view.
The centaur shouts!
The centaur wields a +0 orcbow.
The centaur shoots an arrow.
The arrow hits you.
Ouch! That really hurt!
You die...

.......(... ........###
#.....c... ........#
.......... .........##
#.........
...........####.........
........#...............
........#..............#
........##...........#
........##......v....#
..)......#...........#
.....................#
......#...♣...#......#
.##.#....♣.♣......<..###
.##.#...♣.♣.♣...........
.##....♣.♣.♣.♣..########
.####.♣.♣._.♣.♣.#
.......♣.♣.♣.♣..#


You could see a centaur.

Vanquished Creatures
  2 ogres
  4 crimson imps (D:3)
  2 hounds
  A jelly (D:4)
  Jessica (D:2)
  11 adders
  A worm (D:3)
  A dart slug (D:2)
  8 orcs
  4 bats
  5 endoplasms
  2 giant cockroaches
  3 goblins
  7 hobgoblins
  4 jackals (D:3)
  5 kobolds
  2 quokkas
  7 ball pythons
  2 frilled lizards (D:3)
  5 rats
77 creatures vanquished.

Notes
Turn   | Place    | Note
-------+----------+-------------------------------------------
     0 | D:1      | MisterAzrael the Octopode Shapeshifter began the quest for
                  | the Orb.
     0 | D:1      | Reached XP level 1. HP: 13/13 MP: 1/1
   451 | D:1      | Reached XP level 2. HP: 18/18 MP: 2/2
   870 | D:2      | Reached XP level 3. HP: 19/23 MP: 2/4
   920 | D:2      | Reached skill level 1 in Spellcasting
  1126 | D:2      | Found a runed translucent door.
  1127 | D:2      | Noticed Crazy Yiuf
  1262 | D:2      | Noticed Jessica
  1266 | D:2      | Killed Jessica
  1267 | D:2      | Reached XP level 4. HP: 24/29 MP: 5/5
  1547 | D:3      | Reached XP level 5. HP: 34/34 MP: 5/7
  1678 | D:3      | Found a bloodstained altar of Trog.
  1782 | D:3      | Found Deyxoguf's Distillery.
  1852 | D:3      | Found a sacrificial altar of Ru.
  2006 | D:3      | Found a shimmering altar of Xom.
  2015 | D:3      | Reached XP level 6. HP: 4/41 MP: 7/9
  2493 | D:4      | Reached XP level 7. HP: 4/46 MP: 10/10
  2967 | D:4      | Learned a level 1 spell: Magic Dart
  3029 | D:5      | Entered Level 5 of the Dungeon
  3058 | D:5      | Found Cousyapn's CLEARANCE SALE!.
  3108 | D:5      | Found a hide-covered altar of Uskayaw.
  3223 | D:5      | Found an iron altar of Okawaru.
  3267 | D:5      | Shot with an arrow by a centaur

Illustrated notes

Levels and vault maps discovered:
D:1:      minmay_arrival_floating_metal, layout_rooms,
          shapermc_ecumenical_altar_petra, columned_hall_lemuel
D:2:      layout_loops_corners, uniq_crazy_yiuf_cottage, uniq_jessica
D:3:      layout_loops_ring, mainiacjoe_overflow_concentric_impassable,
          amcnicky_altar_gilded, led_xom_imps, serial_shops,
          nicolae_shop_tiny_waterfront
D:4:      layout_loops_cross, roderic_serpentine_path
D:5:      layout_rooms, okawaru_trees_2, lemuel_tele_altar,
          mainiacjoe_overflow_tiny_flanked, temple_hall, serial_shops, shop,
          nicolae_shop_clearance

Skill      XL: |  1  2  3  4  5  6  7 |
---------------+----------------------+-----
Spellcasting   | 1 2 |  2.6
Fighting       | 2 3 |  3.3
Dodging        | 3 |  3.8
Unarmed Combat | 4 |  4.7
Shapeshifting  | 4 |  4.0
Long Blades    | |  0.2
Conjurations   | |  0.7

Action                     |  1- 3 |  4- 6 |  7- 9 || total
---------------------------+-------+-------+-------++-------
  Melee: Unarmed           |    10 |    36 |    33 ||    79
         Tentacles         |     4 |     5 |       ||     9
         Demon blade       |    24 |    29 |       ||    53
         Constrict         |     6 |     7 |       ||    13
         Punch             |       |     1 |       ||     1
Ability: Blinkbolt         |       |     1 |       ||     1
   Stab: Sleeping          |     4 |     2 |     1 ||     7
 Armour: Skin              |     2 |     3 |     3 ||     8
  Dodge: Dodged            |    17 |    47 |    28 ||    92
         Form:             |       |     1 |       ||     1
         Storm             |       |     1 |       ||     1

Table legend: (Time is in decaauts)
 A = Elapsed time spent in this place.
 B = Non-inter-level travel time spent in this place.
 C = Inter-level travel time spent in this place.
 D = Time resting spent in this place.
 E = Time spent auto-exploring this place.
 F = Levels seen in this place.
 G = Mean time per level.
                   A        B        C        D        E       F      G
               +--------+--------+--------+--------+--------+-----+--------+
         Total |   3275 |   3187 |     88 |      0 |   2690 |   5 |  655.0 |
       Dungeon |   3275 |   3187 |     88 |      0 |   2690 |   5 |  655.0 |
               +--------+--------+--------+--------+--------+-----+--------+

Top non-repeatable levels by time:
     D:2: 1032 daAuts
     D:3: 749 daAuts
     D:4: 739 daAuts
     D:1: 518 daAuts
     D:5: 236 daAuts
